 Dungeon Crawl Stone Soup version 0.30-a0-702-gdf48620a09 (webtiles) character file.

Game seed: 8071125320938783457

757 zinnoa the Magician (level 8, -10/50 HPs)
             Began as a Djinni Fire Elementalist on Jan 22, 2023.
             Mangled by Duvessa
             ... wielding a +4 short sword
              (13 damage)
             ... on level 5 of the Dungeon.
             The game lasted 00:31:26 (4700 turns).

zinnoa the Magician (Djinni Fire Elementalist)      Turns: 4700, Time: 00:31:26

Health: -10/50     AC:  3    Str:  7    XL:     8   Next: 7%
Gold:   194        EV: 13    Int: 19    God:
                   SH:  0    Dex: 14

rFire   + + +      SeeInvis .    l - staff of fire
rCold   x . .      Faith    .    (no shield)
rNeg    . . .      Spirit   .    a - +0 robe
rPois   ∞          Reflect  .    (no helmet)
rElec   .          Harm     .    (no cloak)
rCorr   .          Rampage  .    p - +0 pair of gloves
Will    .....                    (boots unavailable)
Stlth   ++                       (no amulet)
HPRegen 0.28/turn                o - ring of wizardry
MPRegen 0.00/turn                (no ring)

@: flying
A: sickness immunity, fire resistance 2, cold vulnerability 1, float, innate
caster, HP casting, extra vitality 1
a: no special abilities


You were on level 5 of the Dungeon.
You visited 1 branch of the dungeon, and saw 5 of its levels.

You collected 194 gold pieces.

Inventory:

Hand Weapons
 j - a +2 dagger of pain
Missiles
 v - 2 throwing nets
Armour
 a - a +0 robe (worn)
 p - a +0 pair of gloves (worn)
Magical Staves
 l - a staff of fire (weapon)
Jewellery
 o - a ring of wizardry (left hand)
 u - a ring of resist corrosion
Wands
 y - a wand of flame (16)
Scrolls
 c - 3 scrolls of summoning {unknown}
 e - a scroll of vulnerability {unknown}
 i - 6 scrolls of identify {unknown}
 k - a scroll of magic mapping {unknown}
 m - a scroll of enchant armour {unknown}
 r - 5 scrolls of fog {unknown}
 t - a scroll of noise {unknown}
 x - a scroll of teleportation {unknown}
 A - a scroll of silence {unknown}
Potions
 b - a potion of magic
 d - a potion of brilliance
 f - 3 potions of lignification {unknown}
 g - a potion of might {unknown}
 h - a potion of mutation {unknown}
 n - 2 potions of flight {unknown}
 q - a potion of berserk rage {unknown}
 s - 2 potions of attraction {unknown}
 w - 2 potions of resistance {unknown}
 z - a potion of degeneration {unknown}


   Skills:
 * Level 4.4 Dodging
 - Level 2.3 Stealth
 + Level 6.1 Spellcasting


You had one spell level left.
You knew the following spells:

 Your Spells              Type           Power      Damage    Failure   Level
a - Foxfire               Conj/Fire      100%       2x1d9     1%          1
b - Scorch                Fire           86%        2d9       1%          2
c - Kindle Blastsparks    Fire/Tloc/Air  86%        2d17      1%          3
d - Inner Flame           Hex/Fire       43%        N/A       1%          3
e - Flame Wave            Conj/Fire      43%        2d11      3%          4
f - Shock                 Conj/Air       100%       1d9       1%          1
g - Poisonous Vapours     Pois/Air       58%        N/A       1%          2
h - Call Imp              Summ           29%        N/A       1%          2
Your spell library was empty.

Dungeon Overview and Level Annotations

Branches:
Dungeon (5/15)             Temple (0/1) D:4

Altars:
Zin
The Shining One

Annotations:
D:5 Duvessa


Innate Abilities, Weirdness & Mutations

You are immune to sickness and miasma.
You are immune to poison.
Your flesh is very heat resistant. (rF++)
You are vulnerable to cold. (rC-)
You float through the air rather than walking.
You learn spells naturally, not from books.
Your magical power is your life essence.
You have superior vitality. (+4 MHP)


Message History

You feel a surge of power!
You conjure some foxfire!
Duvessa goes berserk!
The foxfire hits the centaur.
The centaur is moderately wounded.
The foxfire hits the centaur.
The centaur is heavily wounded.
The foxfire hits the centaur.
The centaur is heavily wounded.
Casting: Foxfire (safe; 1% risk of failure)
Confirm with . or Enter, or press ? or * to list all spells.
You feel a surge of power!
You conjure some foxfire!
The foxfire hits Duvessa but does no damage.
The foxfire hits the centaur.
The centaur is severely wounded.
The centaur wields a +2 shortbow of electrocution.
You hear the crackle of electricity.
The centaur shoots an arrow.
The arrow hits you.
You are electrocuted!
* * * LOW HITPOINT WARNING * * *
Okay, then.
Sorry, you're not good enough to have a special ability.
You are not religious.
Casting: Foxfire (safe; 1% risk of failure)
Confirm with . or Enter, or press ? or * to list all spells.
Casting: Flame Wave (dangerous; 3% risk of failure)
Press: ? - help, Dir - look around, f - activate Look: a foxfire (friendly)
You feel a surge of power!
A wave of flame ripples out!
The flame wave engulfs your foxfire.
Your foxfire completely resists.
The flame wave engulfs Duvessa!
Duvessa is moderately wounded.
The flame wave engulfs your foxfire.
Your foxfire completely resists. (Press . to intensify the flame waves.)
* * * LOW HITPOINT WARNING * * *
The foxfire hits Duvessa.
Duvessa is moderately wounded.
The foxfire hits Duvessa but does no damage.
Duvessa is moderately wounded.
Duvessa hits you with a +4 short sword!
You die...

#..#..# .≈≈≈≈
#..#..# .≈≈≈≈
#....## .≈≈≈≈≈
#....# ..≈≈≈.
#..###
#.....##(..#
...........#
.$.....e..##
....c§†@..#
.."...§.§.#
.............
.............#
...........)##
......#...###
.....##.###
..... ###


You could see Duvessa (berserk) and a centaur.

Vanquished Creatures
  Menkaure (D:4)
  2 scorpions (D:4)
  Dowan (D:5)
  2 howler monkeys
  A gnoll bouda (D:4)
  An orc priest (D:3)
  3 hounds (D:5)
  2 orc wizards (D:3)
  7 gnolls
  A river rat (D:5)
  7 adders
  2 worms
  3 dart slugs
  6 orcs
  7 ball pythons
  7 endoplasms
  3 giant cockroaches
  2 hobgoblins
  3 bats
  A frilled lizard (D:3)
  3 goblins (D:1)
  8 kobolds
  5 rats
78 creatures vanquished.

Vanquished Creatures (collateral kills)
  A foxfire (D:4)
1 creature vanquished.

Vanquished Creatures (others)
  206 foxfires
  A plant (D:4)
207 creatures vanquished.

Grand Total: 286 creatures vanquished

Notes
Turn   | Place    | Note
-------+----------+-------------------------------------------
     0 | D:1      | zinnoa the Djinni Fire Elementalist began the quest for the
                  | Orb.
     0 | D:1      | zinnoa set off with the following spells memorised:
                  | Foxfire, Scorch, Kindle Blastsparks, Inner Flame, Flame
                  | Wave.
     0 | D:1      | Reached XP level 1. HP: 15/15 MP: 0/0
    82 | D:1      | Reached XP level 2. HP: 21/21 MP: 0/0
  1038 | D:2      | Reached skill level 3 in Spellcasting
  1038 | D:2      | Reached XP level 3. HP: 23/25 MP: 0/0
  1038 | D:2      | Learned a level 1 spell: Shock
  1659 | D:2      | Reached XP level 4. HP: 23/31 MP: 0/0
  2650 | D:3      | Reached skill level 4 in Spellcasting
  2650 | D:3      | Reached XP level 5. HP: 31/35 MP: 0/0
  2650 | D:3      | Learned a level 2 spell: Poisonous Vapours
  3027 | D:4      | Reached XP level 6. HP: 36/40 MP: 0/0
  3046 | D:4      | Found a staircase to the Ecumenical Temple.
  3265 | D:4      | Found a glowing golden altar of the Shining One.
  3281 | D:4      | Found a glowing silver altar of Zin.
  3516 | D:4      | Noticed Menkaure
  3520 | D:4      | Killed Menkaure
  3521 | D:4      | Reached skill level 5 in Spellcasting
  3521 | D:4      | Reached XP level 7. HP: 41/45 MP: 0/0
  3521 | D:4      | Learned a level 2 spell: Call Imp
  4453 | D:5      | Entered Level 5 of the Dungeon
  4688 | D:5      | Noticed Dowan
  4695 | D:5      | Killed Dowan
  4696 | D:5      | Reached skill level 6 in Spellcasting
  4696 | D:5      | Reached XP level 8. HP: 26/50 MP: 0/0
  4697 | D:5      | Noticed Duvessa
  4700 | D:5      | Mangled by Duvessa

Illustrated notes

Levels and vault maps discovered:
D:1:      lightli_iron_boxes, layout_basic
D:2:      layout_loops_ring, st_stairs_4, grunt_decor_mini_mirrors
D:3:      layout_loops_cross
D:4:      minmay_evil_eye, layout_layer_cave,
          gammafunk_temple_overflow_forgotten, minmay_temple_entry_metal_lava,
          uniq_menkaure
D:5:      layout_cave_pools, mainiacjoe_overflow_cross_hatched, serial_shops,
          nicolae_lakefront_shop, gup_sewer_entry_bubbles, uniq_duvessa

Skill      XL: |  1  2  3  4  5  6  7 |
---------------+----------------------+-----
Spellcasting   | 3 4 5 6 |  6.1
Stealth        | 2 |  2.3
Dodging        | 3 4 |  4.4

Action                   |  1- 3 |  4- 6 |  7- 9 || total
-------------------------+-------+-------+-------++-------
Melee: Unarmed           |     2 |       |       ||     2
       Staff             |       |     6 |       ||     6
 Cast: Foxfire           |    51 |    43 |    36 ||   130
       Inner Flame       |     6 |    12 |     1 ||    19
       Scorch            |     6 |     3 |    11 ||    20
       Shock             |     4 |    10 |     2 ||    16
       Kindle Blastspark |     2 |       |       ||     2
       Poisonous Vapours |       |     1 |       ||     1
       Flame Wave        |       |       |     1 ||     1
  Use: Potion            |       |     1 |       ||     1
Armor: Robe              |     2 |     1 |     2 ||     5
Dodge: Dodged            |    13 |     1 |     7 ||    21

Table legend: (Time is in decaauts)
 A = Elapsed time spent in this place.
 B = Non-inter-level travel time spent in this place.
 C = Inter-level travel time spent in this place.
 D = Time resting spent in this place.
 E = Time spent auto-exploring this place.
 F = Levels seen in this place.
 G = Mean time per level.
                   A        B        C        D        E       F      G
               +--------+--------+--------+--------+--------+-----+--------+
         Total |   4698 |   4607 |     91 |    766 |   2955 |   5 |  939.6 |
       Dungeon |   4698 |   4607 |     91 |    766 |   2955 |   5 |  939.6 |
               +--------+--------+--------+--------+--------+-----+--------+

Top non-repeatable levels by time:
     D:4: 1521 daAuts
     D:1: 1018 daAuts
     D:3: 956 daAuts
     D:2: 955 daAuts
     D:5: 246 daAuts
